 Dungeon Crawl Stone Soup version 0.24.1-14-gf8d2b509d9 (webtiles) character file.

Game seed: 17949277677039022063, levelgen mode: deterministic

11090 valliere the Cleaver (level 11, -2/97 HPs)
             Began as a Deep Dwarf Fighter on Oct 27, 2022.
             Was a High Priest of Makhleb.
             Killed by divine providence
             ... invoked by an orc priest
             ... summoned by an orc knight
              (11 damage)
             ... in a bailey.
             The game lasted 00:46:30 (8167 turns).

valliere the Cleaver (Deep Dwarf Fighter)           Turns: 8167, Time: 00:46:30

Health: -2/97      AC: 24    Str: 28    XL:     11   Next: 44%
Magic:  9/9        EV: 11    Int: 10    God:    Makhleb [*****.]
Gold:   714        SH: 13    Dex: 12    Spells: 10/10 levels left

rFire    + . .     SeeInvis +   m - +6 hand axe "Hydra's Doom" {elec, +Blink rF+ Str+4 Int+2}
rCold    . . .     Gourm    .   c - +0 shield
rNeg     . . .     Faith    .   a - +0 crystal plate armour
rPois    .         Spirit   .   H - +1 helmet {SInv}
rElec    .         Reflect  +   o - scarf {repulsion}
rCorr    +         Harm     .   P - +1 pair of gloves
MR       +....                  R - +0 pair of boots
Stlth    ..........             S - +2 amulet of reflection
HPRegen  0.00/turn              F - ring of resist corrosion
MPRegen  0.11/turn              l - +5 ring of evasion

@: non-regenerating, repel missiles
A: damage resistance, heal wounds, sense surroundings 2, no regeneration
a: Heal Wounds, Minor Destruction, Lesser Servant of Makhleb, Major Destruction,
Greater Servant of Makhleb, Renounce Religion, Evoke Blink


You were in a bailey.
You worshipped Makhleb.
Makhleb was extremely pleased with you.
You were not hungry.

You visited 2 branches of the dungeon, and saw 12 of its levels.
You visited the Abyss 1 time.
You also visited: Ossuary and Bailey.

You collected 714 gold pieces.

Inventory:

Hand Weapons
 k - a +1 hunting sling of flaming
 m - the +6 hand axe "Hydra's Doom" (weapon) {elec, +Blink rF+ Str+4 Int+2}
   (You found it on level 7 of the Dungeon)

   Occasionally, upon striking a foe, it will discharge some electrical energy
   and cause terrible harm.
   It affects your strength (+4).
   It affects your intelligence (+2).
   It protects you from fire.
   It lets you blink.
 Q - the +3 rapier of Instant Death {distort, +Inv}
   (You found it on level 10 of the Dungeon)

   It warps and distorts space around it.
   Unwielding it can cause banishment or high damage.
   It lets you turn invisible.
 U - the +7 halberd of Kuen {chop, *Noise rElec rC+ Str+5, unknown}
   (You found it on level 11 of the Dungeon)

   It inflicts extra damage upon your enemies.
   It affects your strength (+5).
   It protects you from cold.
   It insulates you from electricity.
   It may make noises in combat.
 V - the +10 quarterstaff "Ycetioff" {flame, Str+4 Stlth+, unknown}
   (You found it on level 11 of the Dungeon)

   It has been specially enchanted to burn those struck by it, causing extra
   injury to most foes and up to half again as much damage against particularly
   susceptible opponents.
   It affects your strength (+4).
   It makes you more stealthy.
Missiles
 q - 35 sling bullets
Armour
 a - a +0 crystal plate armour (worn)
 c - a +0 shield (worn)
 i - a +0 cloak (quivered)
 o - a scarf of repulsion (worn)
 p - a +0 plate armour
 H - a +1 helmet of see invisible (worn)
 P - a +1 pair of gloves (worn)
 R - a +0 pair of boots (worn)
Jewellery
 l - a +5 ring of evasion (right hand)
 x - an uncursed amulet of guardian spirit
 F - a ring of resist corrosion (left hand)
 I - an uncursed amulet of rage
 N - an uncursed ring of protection from fire
 S - a +2 amulet of reflection (around neck)
Wands
 L - a wand of random effects (18)
 O - a wand of iceblast (5)
Scrolls
 b - 2 scrolls of vulnerability {unknown}
 e - a scroll of acquirement {unknown}
 n - 5 scrolls of remove curse
 r - a scroll of fog {unknown}
 t - 4 scrolls of magic mapping
 u - 2 scrolls of amnesia {unknown}
 y - 3 scrolls of enchant weapon {unknown}
 z - 4 scrolls of teleportation
 A - 4 scrolls of blinking
 E - a scroll of fear {unknown}
 J - a scroll of silence {unknown}
 M - 3 scrolls of immolation
 T - a scroll of holy word {unknown}
Potions
 d - 9 potions of might
 g - 2 potions of resistance {unknown}
 h - a potion of berserk rage {unknown}
 j - 7 potions of curing
 s - a potion of cancellation {unknown}
 v - 5 potions of heal wounds
 w - 4 potions of agility {unknown}
 B - 4 potions of lignification {unknown}
 C - 6 potions of degeneration {unknown}
 D - 5 potions of brilliance
 G - 3 potions of magic
 K - 2 potions of mutation {unknown}
 W - a potion of haste {unknown}
Comestibles
 f - 12 rations


   Skills:
 + Level 6.3 Fighting
 * Level 10.1 Axes
 + Level 6.6 Slings
 + Level 7.7 Armour
 + Level 6.6 Dodging
 - Level 5.0 Stealth
 + Level 7.5 Shields
 + Level 6.0 Invocations
 + Level 6.0 Evocations


You had 10 spell levels left.
You didn't know any spells.
Your spell library contained the following spells:

 Spells                   Type           Power        Failure   Level  Hunger
 Beastly Appendage        Tmut           #.....       100%        1    ##.....
 Confusing Touch          Hex            #.....       100%        1    ##.....
 Infusion                 Chrm           #...         100%        1    ##.....
 Summon Small Mammal      Summ           #...         100%        1    ##.....
 Call Imp                 Summ           #.......     100%        2    ###....
 Corpse Rot               Necr           N/A          100%        2    ###....
 Poisonous Vapours        Pois/Air       #.....       100%        2    ###....
 Shroud of Golubria       Chrm/Tloc      #.....       100%        2    ###....
 Song of Slaying          Chrm           #.......     100%        2    ###....
 Sticks to Snakes         Tmut           #.......     100%        2    ###....
 Call Canine Familiar     Summ           #.......     100%        3    ####...
 Confuse                  Hex            #.......     100%        3    ####...
 Conjure Flame            Conj/Fire      #.......     100%        3    ####...
 Gell's Gravitas          Tloc           #.........   100%        3    ####...
 Inner Flame              Hex/Fire       #.......     100%        3    ####...
 Mephitic Cloud           Conj/Pois/Air  #.......     100%        3    ####...
 Spectral Weapon          Hex/Chrm       #.......     100%        3    ####...
 Spider Form              Tmut/Pois      #.........   100%        3    ####...
 Summon Guardian Golem    Hex/Summ       #.......     100%        3    ####...
 Ice Form                 Ice/Tmut       #.......     100%        4    #####..
 Petrify                  Tmut/Erth      #.......     100%        4    #####..
 Summon Ice Beast         Ice/Summ       #.......     100%        4    #####..
 Summon Lightning Spire   Summ/Air       #.......     100%        4    #####..
 Agony                    Necr           #.......     100%        5    ######.
 Blade Hands              Tmut           #.........   100%        5    ######.
 Bolt of Magma            Conj/Fire/Erth #.........   100%        5    ######.
 Excruciating Wounds      Chrm/Necr      #.........   100%        5    ######.
 Fireball                 Conj/Fire      #.........   100%        5    ######.
 Iskenderun's Battlesphe  Conj/Chrm      #.......     100%        5    ######.
 Metabolic Englaciation   Hex/Ice        #.........   100%        5    ######.
 Venom Bolt               Conj/Pois      #.........   100%        5    ######.
 Yara's Violent Unravell  Hex/Tmut       #.........   100%        5    ######.
 Freezing Cloud           Conj/Ice/Air   #.........   100%        6    #######
 Iron Shot                Conj/Erth      #.........   100%        6    #######
 Orb of Destruction       Conj           #.........   100%        7    #######
 Ring of Flames           Chrm/Fire      #.........   100%        7    #######
 Spellforged Servitor     Conj/Summ      #.........   100%        7    #######
 Regeneration             Chrm/Necr      Unusable     N/A         3    N/A

Dungeon Overview and Level Annotations

Branches:
Dungeon (11/15)            Temple (1/1) D:5             Orc (0/2) D:10
Ossuary (visited)          Bailey (1/1)
   Lair: D:8-11

Altars:
Ashenzari
Cheibriados
Dithmenos
Elyvilon
Fedhas
Gozag
Hepliaklqana
Kikubaaqudgha
Makhleb
Nemelex Xobeh
Okawaru
Qazlal
Ru
Sif Muna
Trog
Uskayaw
Vehumet
Wu Jian
Xom
Yredelemnul
Zin
The Shining One

Shops:
D:4 (   D:7 =   D:10 [


Innate Abilities, Weirdness & Mutations

You are resistant to damage.
You can heal yourself by infusing magical energy.
You passively map the area around you.
You do not regenerate.


Message History

Wisps of shadow swirl around the orc knight.
You closely miss the orc warrior.
The orc warrior is severely wounded.
You hit the orc wizard.
Lightning courses through the orc wizard!
You block the orc warrior's attack.
The orc warrior hits you from afar with a +0 trident!
* * * LOW HITPOINT WARNING * * *
The orc wizard casts a spell.
The orc wizard seems to speed up.
Your smoke demon gestures at the orc warrior.
The orc warrior is smitten.
The orc warrior dies!
Makhleb accepts your kill.
Your Invocations skill increases to level 6!
The orc wizard points at you and mumbles some strange words.
The magic dart hits you but does no damage.
The orc priest calls down the wrath of Beogh upon you.
Beogh smites you!
You die...

#....o..#
#...gg..#
#....g..#
#..oogg.#
##...o.##
##'o'##
#..†§o#
#..)3.#
#....@#
#.....#
#.))).#
##'''##
##.....##
#.......#
#.......#
#.......#
#.......#


You could see 2 orc warriors, an orc priest, 2 orc wizards, 4 gnolls and a
friendly smoke demon.

Vanquished Creatures
  Pikel (D:9)
  An ugly thing (D:11)
  A cyclops (D:11)
  5 centaur skeletons
  A troll (D:10)
  2 hornets
  2 hippogriffs
  7 yaks (D:9)
  A human (D:11)
  2 hungry ghosts
  A spatial vortex (D:10)
  A warg (D:10)
  A water moccasin (D:10)
  9 orc warriors
  3 ice beasts
  3 slaves (D:9)
  2 phantoms
  3 necrophages (D:9)
  8 ogres
  A centaur (D:11)
  A crocodile (D:10)
  7 bullfrogs
  A big kobold (D:8)
  A wyvern zombie (D:9)
  4 scorpions
  10 killer bees
  3 wights (D:9)
  8 howler monkeys
  4 crimson imps
  2 centaur zombies (Ossuary)
  A quasit (D:9)
  4 bullfrog zombies
  8 hounds
  A gnoll shaman (D:7)
  9 orc priests
  8 orc wizards
  3 bullfrog skeletons
  3 jellies
  2 iguanas
  5 worker ants
  A hound zombie (D:8)
  7 mummies
  3 worker ant zombies
  7 gnolls (D:7)
  16 adders
  3 shadow imps
  An adder skeleton (D:4)
  2 dart slugs
  A worm (D:2)
  6 leopard geckos
  64 orcs
  6 giant cockroaches
  8 goblins
  6 hobgoblins
  16 jackals
  6 quokkas
  7 ball pythons (D:2)
  A ball python skeleton (D:5)
  7 bats
  7 frilled lizards
  2 gnoll zombies (Ossuary)
  A hobgoblin zombie (Ossuary)
  17 kobolds
  A kobold zombie (Ossuary)
  2 orc zombies (Ossuary)
  9 rats
347 creatures vanquished.

Vanquished Creatures (collateral kills)
  An orc knight (Bailey)
  An orc warrior (Bailey)
2 creatures vanquished.

Grand Total: 349 creatures vanquished

Notes
Turn   | Place    | Note
-------+----------+-------------------------------------------
     0 | D:1      | valliere the Deep Dwarf Fighter began the quest for the
                  | Orb.
     0 | D:1      | Reached XP level 1. HP: 20/20 MP: 1/1
    93 | D:1      | Reached XP level 2. HP: 25/27 MP: 2/2
   674 | D:2      | Reached XP level 3. HP: 28/33 MP: 3/3
   691 | D:2      | Reached skill level 3 in Axes
   691 | D:2      | Reached skill level 1 in Stealth
   945 | D:2      | Reached skill level 1 in Dodging
  1052 | D:2      | Reached XP level 4. HP: 35/42 MP: 4/4
  1293 | D:3      | Noticed an ogre
  1310 | D:3      | Killed an ogre
  1310 | D:3      | Reached skill level 1 in Slings
  1310 | D:3      | Reached XP level 5. HP: 40/49 MP: 5/5
  1569 | D:3      | Reached skill level 4 in Axes
  1608 | D:3      | Found a sparkling altar of Nemelex Xobeh.
  1859 | D:4      | Noticed an ogre
  1874 | D:4      | Killed an ogre
  1874 | D:4      | Reached XP level 6. HP: 24/56 MP: 5/5
  2281 | D:4      | Found Jonto's Weapon Shoppe.
  2665 | D:5      | Entered Level 5 of the Dungeon
  2665 | D:5      | Noticed an ice beast
  2692 | D:4      | Killed an ice beast
  2692 | D:4      | Reached XP level 7. HP: 33/62 MP: 5/5
  2774 | D:5      | HP: 2/62 [ogre/+0 giant club (17)]
  2775 | D:5      | Reached skill level 5 in Axes
  3131 | D:5      | Found a staircase to the Ecumenical Temple.
  3145 | Temple   | Entered the Ecumenical Temple
  3209 | Temple   | Became a worshipper of Makhleb the Destroyer
  3574 | D:6      | Reached XP level 8. HP: 28/72 MP: 6/6
  3584 | D:6      | Reached skill level 5 in Armour
  3595 | D:6      | Found a glowing silver altar of Zin.
  3698 | D:6      | Identified the Guide on Igneous Dark Rituals
  3781 | D:6      | HP: 3/72 [ogre/+0 giant spiked club (14)]
  4007 | D:6      | Reached skill level 6 in Axes
  4007 | D:6      | Reached skill level 5 in Shields
  4231 | D:7      | Found a sand-covered staircase.
  4245 | Ossuary  | Entered an ossuary
  4338 | Ossuary  | Reached * piety under Makhleb
  4397 | Ossuary  | Reached skill level 5 in Stealth
  4484 | D:7      | Got an ichor-stained hand axe
  4485 | D:7      | Identified the +6 hand axe "Hydra's Doom" {elec, +Blink rF+
                  | Str+4 Int+2} (You found it on level 7 of the Dungeon)
  4590 | D:7      | Gained mutation: You passively map the area around you.
                  | [Deep Dwarf growth]
  4590 | D:7      | Reached XP level 9. HP: 16/79 MP: 6/6
  4638 | D:7      | Found Leugaoti's Jewellery Shop.
  4645 | D:7      | Found a blossoming altar of Fedhas.
  4774 | D:7      | Found a stormy altar of Qazlal.
  4785 | D:7      | Reached skill level 7 in Axes
  5036 | D:8      | Found a bloodstained altar of Trog.
  5045 | D:8      | Reached skill level 1 in Evocations
  5048 | D:8      | Found a blossoming altar of Fedhas.
  5050 | D:8      | Found an iron altar of Okawaru.
  5052 | D:8      | Found an opulent altar of Gozag.
  5056 | D:8      | Found a radiant altar of Vehumet.
  5084 | D:8      | Reached skill level 1 in Invocations
  5465 | D:8      | Reached ** piety under Makhleb
  5704 | D:9      | Reached skill level 5 in Fighting
  5739 | D:9      | Found a white marble altar of Elyvilon.
  5768 | D:9      | Reached skill level 8 in Axes
  5819 | D:9      | Reached skill level 5 in Dodging
  5851 | D:9      | Reached skill level 5 in Slings
  5934 | D:9      | Reached XP level 10. HP: 88/88 MP: 8/8
  6038 | D:9      | Reached *** piety under Makhleb
  6066 | D:9      | Noticed Pikel
  6071 | D:9      | Killed Pikel
  6246 | D:9      | Reached skill level 9 in Axes
  6477 | D:10     | Entered Level 10 of the Dungeon
  6551 | D:10     | Reached **** piety under Makhleb
  6579 | D:10     | Found Ruis's Antique Armour Shop.
  6581 | D:10     | Found a staircase to the Orcish Mines.
  6610 | D:10     | Reached skill level 5 in Evocations
  6670 | D:10     | Reached skill level 5 in Invocations
  6865 | D:10     | Got an ancient rapier
  6866 | D:10     | Identified the cursed +3 rapier of Instant Death {distort,
                  | +Inv} (You found it on level 10 of the Dungeon)
  6869 | D:10     | Cast into level 2 of the Abyss (a distortion unwield)
  6917 | D:10     | Escaped the Abyss
  7231 | D:10     | Reached XP level 11. HP: 97/97 MP: 10/10
  7498 | D:11     | Noticed a red ugly thing
  7513 | D:11     | Killed a red ugly thing
  7651 | D:11     | Got a faintly glowing quarterstaff
  7768 | D:11     | Noticed a seven-headed hydra
  7806 | D:11     | Found a flagged portal.
  7810 | D:11     | Got a jewelled halberd
  7813 | Bailey   | Entered a bailey
  7933 | Bailey   | Reached ***** piety under Makhleb
  8007 | Bailey   | Reached skill level 10 in Axes
  8129 | Bailey   | Noticed an orc knight
  8161 | Bailey   | Killed an orc knight
  8162 | Bailey   | Noticed an orc knight
  8167 | Bailey   | Killed from afar by an orc priest

Levels and vault maps discovered:
D:1:      lightli_arrival_isolated_outpost, layout_basic, serial_curves,
          eino_curves_01, eino_curves_02, eino_curves_04, st_stairs_13,
          minmay_misc_feat_pillars
D:2:      layout_rooms, serial_glass, glass_columns_a, glass_columns_a,
          glass_columns_c, glass_columns_c, glass_columns_a, glass_columns_c,
          glass_columns_b, glass_columns_a, minmay_snake_closets
D:3:      layout_basic, nemelex_xobeh_ov_fountains_minmay, st_stairs_4
D:4:      cheibrodos_helix_gallery, layout_gridville, first_ration,
          serial_shops, kennysheep_little_box, kennysheep_nub
D:5:      layout_rooms, minmay_temple_entry_offerings
D:6:      layout_basic, basic_altar
D:7:      layout_cave_pools, nicolae_overflow_crystal_walls, serial_shops, shop,
          gup_ossuary_entry_pyramid, fedhas_ov_isle_minmay
D:8:      layout_loops_ring, minitemple
D:9:      layout_loops_ring, elyvilon_altar_3, serial_undead, serial_undead_e,
          serial_undead_f, serial_undead_f, serial_undead_c, uniq_pikel
D:10:     layout_stronghold, david_orc_3, serial_shops, nicolae_shop_waterfront
D:11:     layout_layer_cave, dpeg_oklobed_lair, enter_bailey_2, serial_shops,
          shop, grunt_pizzeria
Temple:   nicolae_temple_great_sept
Bailey:   bailey_polearm_5, bailey

Skill      XL: |  1  2  3  4  5  6  7  8  9 10 11 |
---------------+----------------------------------+-----
Axes           | 3 4 5 6 8 9 10 | 10.1
Stealth        | 1 2 3 5 |  5.0
Fighting       | 3 4 5 6 |  6.3
Dodging        | 1 2 3 4 5 6 |  6.6
Slings         | 1 2 3 4 5 6 |  6.6
Armour         | 4 5 6 7 |  7.7
Shields        | 4 5 6 7 |  7.5
Evocations     | 3 5 6 |  6.0
Invocations    | 3 5 6 |  6.0

Action                   |  1- 3 |  4- 6 |  7- 9 | 10-12 || total
-------------------------+-------+-------+-------+-------++-------
Melee: War axe           |   145 |    28 |       |       ||   173
       Trident           |       |   138 |   106 |       ||   244
       Broad axe         |       |       |   132 |       ||   132
       Hand axe          |       |       |   225 |   386 ||   611
 Fire: Hunting sling     |     6 |       |       |       ||     6
Invok: Minor Destruction |       |       |       |     6 ||     6
       Lesser Servant of |       |       |       |     1 ||     1
 Abil: Heal Wounds       |       |     3 |    10 |     7 ||    20
  Use: Scroll            |       |       |     9 |     5 ||    14
       Potion            |       |       |     2 |       ||     2
  Eat: Chunk             |     1 |     4 |     7 |     5 ||    17
       Ration            |       |       |     3 |     1 ||     4
Armor: Scale mail        |    55 |       |       |       ||    55
       Plate armour      |     2 |    66 |    99 |       ||   167
       Crystal plate arm |       |       |    83 |   269 ||   352
Dodge: Dodged            |    52 |    29 |    88 |   229 ||   398
       Deflected         |       |     1 |       |     2 ||     3
Block: Shield            |    81 |    50 |   206 |   302 ||   639
